Comets vs Rampage
(R1)
Created - January 11, 2022 at 19:45
Goals
|
| Comets |
1 |
0 |
0 |
1 |
| Rampage |
1 |
1 |
1 |
3 |
|
Shots
|
| Comets |
6 |
4 |
6 |
16 |
| Rampage |
20 |
2 |
11 |
33 |
|
1st period
1. Comets , Brendan Perlini 6 (Andrej Nestrasil 10, Justin Bailey 8) at 1:27
2. Rampage , Timo Meier 8 (Roland McKeown 5, Elvis Merzlikins) at 15:05
Penalties :
Juuso Riikola (Uti) for Hooking (Minor) at 10:04, Seth Helgeson (Uti) for High sticking (Minor) at 19:58
2nd period
3. Rampage , Jordan Greenway 4 (T.J. Tynan 4) at 13:15
Penalties :
Timo Meier (San) for Tripping (Minor) at 4:22, Seth Helgeson (Uti) for Slashing (Minor) at 9:48, Roope Hintz (San) for Hooking (Minor) at 13:37, Oliver Kylington (Uti) for Interference (Minor) at 15:52
3rd period
4. Rampage , Petr Straka 4 (Tony DeAngelo 7, Roope Hintz 7) at 13:33 (PP)
Penalties :
William Lagesson (Uti) for Hooking (Minor) at 12:24
Goalie Stats
Thatcher Demko (Uti), 30 saves from 33 shots - (0.909), L, 1-2-0, 60:00 minutes
Elvis Merzlikins (San), 15 saves from 16 shots - (0.938), W, 6-4-2, 60:00 minutes
Players Stats for Comets
Player Name G A P +/- PIM S H SB GA TA FO MP PP MP PK MP
------------------------------------------------------------------------------------
Andrej Nestrasil 0 1 1 1 0 0 1 1 2 0 3/6 16:51 1:45 0:56
Axel Holmstrom 0 0 0 -2 0 0 0 0 0 0 1/3 6:29 0:00 0:00
Brendan Gaunce 0 0 0 0 0 2 1 0 1 1 12/21 18:06 2:13 2:26
Brendan Perlini 1 0 1 1 0 3 1 1 0 0 1/2 17:39 1:45 1:41
Denis Gurianov 0 0 0 -2 0 2 0 0 2 0 0/0 6:49 0:00 0:00
Dennis Everberg 0 0 0 0 0 4 5 1 0 0 0/1 19:32 2:11 3:59
Jordan Gross 0 0 0 -1 0 0 1 0 0 0 0/0 8:13 0:00 1:20
Joshua Leivo 0 0 0 0 0 0 1 0 0 0 0/0 12:40 0:00 0:00
Juho Lammikko 0 0 0 -2 0 0 1 0 0 0 0/0 2:25 0:02 0:00
Justin Bailey 0 1 1 1 0 0 2 1 0 1 0/0 18:13 1:45 2:26
Juuso Riikola 0 0 0 0 2 1 2 1 0 0 0/0 18:41 1:24 2:59
Kurtis Macdermid 0 0 0 0 0 0 3 1 0 0 0/0 19:45 1:24 4:03
Nicolas Petan 0 0 0 0 0 0 1 0 0 0 3/5 15:05 0:00 2:14
Oliver Kylington 0 0 0 0 2 0 0 0 0 1 0/0 11:57 0:02 0:18
Phil Di Giuseppe 0 0 0 0 0 1 2 0 0 0 0/0 12:38 0:00 0:27
Seth Helgeson 0 0 0 -1 4 0 2 2 0 0 0/0 24:36 2:32 2:05
Taylor Beck 0 0 0 0 0 3 3 0 0 0 3/6 24:10 2:13 4:01
Wiley Sherman 0 0 0 0 0 0 0 1 0 0 0/0 22:50 2:34 4:34
William Lagesson 0 0 0 0 2 0 0 1 0 1 0/0 14:11 0:00 2:51
Players Stats for Rampage
Player Name G A P +/- PIM S H SB GA TA FO MP PP MP PK MP
------------------------------------------------------------------------------------
Adam Clendening 0 0 0 1 0 0 0 0 0 1 0/0 17:32 0:00 2:17
Artturi Lehkonen 0 0 0 1 0 0 0 0 0 0 0/0 11:11 0:27 1:22
Collin Miller 0 0 0 0 0 2 2 0 0 0 0/0 19:28 3:22 1:41
Dylan Gambrell 0 0 0 1 0 1 0 0 0 0 2/5 8:58 0:00 0:00
Dylan Sikura 0 0 0 1 0 2 0 0 1 3 0/0 10:39 0:27 0:30
Elias Lindholm 0 0 0 -1 0 1 2 0 0 0 8/15 21:41 4:16 1:57
Ethan Bear 0 0 0 0 0 0 0 0 0 0 0/0 19:14 5:43 0:00
Jack Roslovic 0 0 0 0 0 4 3 1 0 0 6/14 17:03 4:22 1:36
Jordan Greenway 1 0 1 1 0 1 1 0 1 0 0/1 11:32 0:00 0:38
Kirill Kaprizov 0 0 0 0 0 0 0 1 0 0 1/1 15:30 4:22 0:01
Mathieu Joseph 0 0 0 1 0 0 3 0 0 0 1/1 11:53 0:27 0:00
Nikita Nesterov 0 0 0 1 0 1 0 0 0 0 0/0 16:41 3:22 0:00
Petr Straka 1 0 1 0 0 2 3 0 1 0 0/0 15:14 4:16 0:00
Roland McKeown 0 1 1 0 0 1 0 2 0 1 0/0 22:04 0:00 2:17
Roope Hintz 0 1 1 -1 2 7 5 0 0 0 0/0 20:37 4:16 0:53
T.J. Tynan 0 1 1 1 0 2 1 0 0 0 3/5 12:14 0:00 0:59
Timo Meier 1 0 1 -1 2 6 1 0 0 0 0/2 19:28 4:22 0:00
Tony DeAngelo 0 1 1 0 0 3 1 2 1 0 0/0 25:01 5:43 1:41
3 Stars
1 - Jordan Greenway (San)
2 - Petr Straka (San)
3 - Brendan Perlini (Uti)
Power Play
Comets - 0 on 2 Attempt(s) - 0.00%
Rampage - 1 on 5 Attempt(s) - 20.00%
Penalty Kill
Comets - 4 on 5 Attempt(s) - 80.00%
- Score 0 goal in Penalty Kill
Rampage - 2 on 2 Attempt(s) - 100.00%
- Score 0 goal in Penalty Kill
Team Stat
Comets - Hits : 26 - Faceoff Wins : 23 - Blocked Shots : 10 - Penalty Minutes : 10
Rampage - Hits : 22 - Faceoff Wins : 21 - Blocked Shots : 6 - Penalty Minutes : 4
Official
Referees : Eric Furlatt and Marc Joannette
Linesman : Vaughan Rody and David Brisebois
Game Notes
No Game Note
Finance
Level 1 -- Attendance: 2000 (100.00%) -- Ticket Income $70,000
Level 2 -- Attendance: 902 (90.20%) -- Ticket Income $13,530
Total Attendance: 2902 (96.73%)
Total Ticket Income: $83,530
Other Income: $4,176
Total Income: $87,706
Comets
5 vs 5 Forward
Center Left Wing Right Wing Time % Phy DF OF
1 Brendan Gaunce Taylor Beck Dennis Everberg 40 1 2 2
2 Andrej Nestrasil Brendan Perlini Justin Bailey 30 1 2 2
3 Nicolas Petan Phil Di Giuseppe Joshua Leivo 20 1 2 2
4 Axel Holmstrom Taylor Beck Denis Gurianov 10 1 2 2
5 vs 5 Defense
Defense Defense Time % Phy DF OF
1 Seth Helgeson Wiley Sherman 40 1 2 2
2 Juuso Riikola Kurtis Macdermid 30 1 2 2
3 Oliver Kylington William Lagesson 20 1 2 2
4 Jordan Gross Seth Helgeson 10 1 2 2
PowerPlay Forward
Center Left Wing Right Wing Time % Phy DF OF
1 Brendan Gaunce Taylor Beck Dennis Everberg 60 1 2 2
2 Andrej Nestrasil Brendan Perlini Justin Bailey 40 1 2 2
PowerPlay Defense
Defense Defense Time % Phy DF OF
1 Seth Helgeson Wiley Sherman 60 1 2 2
2 Juuso Riikola Kurtis Macdermid 40 1 2 2
Penalty Kill 4 Players Forward
Center Wing Time % Phy DF OF
1 Taylor Beck Dennis Everberg 60 1 2 2
2 Brendan Gaunce Justin Bailey 40 1 2 2
Penalty Kill 4 Players Defense
Defense Defense Time % Phy DF OF
1 Seth Helgeson Wiley Sherman 60 1 2 2
2 Juuso Riikola Kurtis Macdermid 40 1 2 2
Penalty Kill - 3 Players Forward
Forward Time % Phy DF OF
1 Taylor Beck 60 1 2 2
2 Dennis Everberg 40 1 2 2
Penalty Kill - 3 Players Defense
Defense Defense Time % Phy DF OF
1 Seth Helgeson Wiley Sherman 60 1 2 2
2 Juuso Riikola Kurtis Macdermid 40 1 2 2
4 vs 4 Forward
Center Wing Time % Phy DF OF
1 Taylor Beck Dennis Everberg 60 1 2 2
2 Brendan Gaunce Justin Bailey 40 1 2 2
4 vs 4 Defense
Defense Defense Time % Phy DF OF
1 Seth Helgeson Wiley Sherman 60 1 2 2
2 Juuso Riikola Kurtis Macdermid 40 1 2 2
Last Minutes Offensive
Center Left Wing Right Wing Defense Defense
Brendan Gaunce Taylor Beck Dennis Everberg Seth Helgeson Wiley Sherman
Last Minutes Defensive
Center Left Wing Right Wing Defense Defense
Brendan Gaunce Taylor Beck Dennis Everberg Seth Helgeson Wiley Sherman
Goaltenders
Starting : Thatcher Demko
Backup : Alexandar Georgiev
Extra Forwards
Normal : Juho Lammikko, Joshua Leivo, Nicolas Petan - PP : Juho Lammikko, Joshua Leivo - PK : Nicolas Petan
Extra Defensemen
Normal : Oliver Kylington, William Lagesson, Jordan Gross - PP : Oliver Kylington - PK : William Lagesson, Jordan Gross
Penalty Shots
Taylor Beck, Dennis Everberg, Brendan Gaunce, Justin Bailey, Andrej Nestrasil
Scratches
Anton Karlsson (Healthy), Jaedon Descheneau (Healthy), Jeremy Roy (Healthy), Mackenzie MacEachern (Healthy), Taylor Leier (Healthy)
Teemu Pulkkinen (Healthy), Thomas DiPauli (Healthy), Tyler Graovac (Healthy), Rasmus Asplund (Healthy), Oskar Steen (Healthy)
Dmitry Sokolov (Healthy), Marek Langhamer (Healthy)
Rampage
5 vs 5 Forward
Center Left Wing Right Wing Time % Phy DF OF
1 Elias Lindholm Roope Hintz Timo Meier 40 1 2 2
2 Jack Roslovic Kirill Kaprizov Petr Straka 30 1 2 2
3 T.J. Tynan Jordan Greenway Mathieu Joseph 20 1 2 2
4 Dylan Gambrell Artturi Lehkonen Dylan Sikura 10 1 2 2
5 vs 5 Defense
Defense Defense Time % Phy DF OF
1 Roland McKeown Tony DeAngelo 40 1 2 2
2 Collin Miller Ethan Bear 30 1 2 2
3 Nikita Nesterov Adam Clendening 20 1 2 2
4 Roland McKeown Adam Clendening 10 1 2 2
PowerPlay Forward
Center Left Wing Right Wing Time % Phy DF OF
1 Jack Roslovic Kirill Kaprizov Timo Meier 60 1 2 2
2 Elias Lindholm Roope Hintz Petr Straka 40 1 2 2
PowerPlay Defense
Defense Defense Time % Phy DF OF
1 Ethan Bear Tony DeAngelo 60 1 2 2
2 Nikita Nesterov Collin Miller 40 1 2 2
Penalty Kill 4 Players Forward
Center Wing Time % Phy DF OF
1 Elias Lindholm Roope Hintz 60 1 2 2
2 T.J. Tynan Dylan Sikura 40 1 2 2
Penalty Kill 4 Players Defense
Defense Defense Time % Phy DF OF
1 Adam Clendening Roland McKeown 60 1 2 2
2 Tony DeAngelo Collin Miller 40 1 2 2
Penalty Kill - 3 Players Forward
Forward Time % Phy DF OF
1 T.J. Tynan 60 1 2 2
2 Jack Roslovic 40 1 2 2
Penalty Kill - 3 Players Defense
Defense Defense Time % Phy DF OF
1 Adam Clendening Tony DeAngelo 60 1 2 2
2 Roland McKeown Collin Miller 40 1 2 2
4 vs 4 Forward
Center Wing Time % Phy DF OF
1 Elias Lindholm Timo Meier 60 1 2 2
2 T.J. Tynan Roope Hintz 40 1 2 2
4 vs 4 Defense
Defense Defense Time % Phy DF OF
1 Adam Clendening Tony DeAngelo 60 1 2 2
2 Roland McKeown Collin Miller 40 1 2 2
Last Minutes Offensive
Center Left Wing Right Wing Defense Defense
Elias Lindholm Roope Hintz Timo Meier Ethan Bear Tony DeAngelo
Last Minutes Defensive
Center Left Wing Right Wing Defense Defense
T.J. Tynan Roope Hintz Dylan Sikura Collin Miller Roland McKeown
Goaltenders
Starting : Elvis Merzlikins
Backup : Brandon Halverson
Extra Forwards
Normal : Mathieu Joseph, Roope Hintz, T.J. Tynan - PP : Mathieu Joseph, Roope Hintz - PK : Jack Roslovic
Extra Defensemen
Normal : Nikita Nesterov, Ethan Bear, Roland McKeown - PP : Nikita Nesterov - PK : Ethan Bear, Roland McKeown
Penalty Shots
Jack Roslovic, Petr Straka, Elias Lindholm, Roope Hintz, T.J. Tynan
Scratches
Hudson Fasching (Healthy), Jacob De La Rose (Sports Hernia Injury), Scott Wilson (Healthy), Nicholas Caamano (Healthy), Kevan Miller (Healthy)
Eamon McAdam (Healthy)
% Time on Ice - Comets
Lines # - Real PCT - Wanted PCT - Time Play
Normal Forward
1 - 30% - 40% - 14:15
2 - 30% - 30% - 14:02
3 - 26% - 20% - 12:11
4 - 14% - 10% - 6:29
Normal Defense
1 - 33% - 40% - 15:42
2 - 30% - 30% - 14:18
3 - 23% - 20% - 10:57
4 - 13% - 10% - 6:00
PP Forward
1 - 56% - 60% - 2:13
2 - 44% - 40% - 1:45
PP Defense
1 - 65% - 60% - 2:34
2 - 35% - 40% - 1:24
PK Forward
1 - 73% - 60% - 6:39
2 - 27% - 40% - 2:26
PK Defense
1 - 52% - 60% - 4:44
2 - 48% - 40% - 4:21
PK3 Forward
1 - 0% - 60%
2 - 0% - 40%
PK3 Defense
1 - 0% - 60%
2 - 0% - 40%
44 Forward
1 - 0% - 60%
2 - 0% - 40%
44 Defense
1 - 0% - 60%
2 - 0% - 40%
Last Minute Offensive - 0:00
Last Minute Defensive - 0:00
Total
Forward - 60:00
Defense - 60:00
|
% Time on Ice - Rampage
Lines # - Real PCT - Wanted PCT - Time Play
Normal Forward
1 - 34% - 40% - 16:07
2 - 23% - 30% - 10:58
3 - 23% - 20% - 10:54
4 - 19% - 10% - 8:58
Normal Defense
1 - 37% - 40% - 17:17
2 - 30% - 30% - 14:11
3 - 25% - 20% - 11:39
4 - 8% - 10% - 3:50
PP Forward
1 - 53% - 60% - 4:49
2 - 47% - 40% - 4:16
PP Defense
1 - 63% - 60% - 5:43
2 - 37% - 40% - 3:22
PK Forward
1 - 87% - 60% - 3:28
2 - 13% - 40% - 0:30
PK Defense
1 - 58% - 60% - 2:17
2 - 42% - 40% - 1:41
PK3 Forward
1 - 0% - 60%
2 - 0% - 40%
PK3 Defense
1 - 0% - 60%
2 - 0% - 40%
44 Forward
1 - 0% - 60%
2 - 0% - 40%
44 Defense
1 - 0% - 60%
2 - 0% - 40%
Last Minute Offensive - 0:00
Last Minute Defensive - 0:00
Total
Forward - 60:00
Defense - 60:00
|
Play-by-Play
1st period
0:01 of 1st period - Brendan Gaunce wins face-off versus Timo Meier in neutral zone.
0:10 of 1st period - Snap shot by Brendan Gaunce.
0:10 of 1st period - Shot Misses the Net.
0:12 of 1st period - Slapshot by Seth Helgeson.
0:12 of 1st period - Shot Blocked by Tony DeAngelo.
0:26 of 1st period - Seth Helgeson is hit by Jack Roslovic and loses puck.
0:33 of 1st period - Wrist shot by Andrej Nestrasil.
0:33 of 1st period - Shot Misses the Net.
0:35 of 1st period - Slapshot by Juuso Riikola.
0:35 of 1st period - Shot Misses the Net.
0:42 of 1st period - Icing by Roland McKeown.
0:43 of 1st period - Nicolas Petan wins face-off versus T.J. Tynan in Rampage zone.
0:52 of 1st period - Snap shot by Jordan Greenway.
0:52 of 1st period - Deflect By T.J. Tynan.
0:52 of 1st period - Stopped by Thatcher Demko with a rebound.
0:54 of 1st period - Slapshot by Tony DeAngelo.
0:54 of 1st period - Stopped by Thatcher Demko without a rebound.
0:55 of 1st period - Dylan Gambrell wins face-off versus Axel Holmstrom in Comets zone.
0:56 of 1st period - Snap shot by Dylan Sikura.
0:56 of 1st period - Deflect By Dylan Gambrell.
0:56 of 1st period - Stopped by Thatcher Demko with a rebound.
1:27 of 1st period - Wrist shot by Brendan Perlini.
1:27 of 1st period - Goal by Brendan Perlini - Comets : 1 - Rampage : 0.
1:28 of 1st period - Brendan Gaunce wins face-off versus Jack Roslovic in neutral zone.
1:37 of 1st period - Snap shot by Taylor Beck.
1:37 of 1st period - Stopped by Elvis Merzlikins with a rebound.
1:54 of 1st period - Nikita Nesterov is hit by Phil Di Giuseppe and loses puck.
2:19 of 1st period - Juuso Riikola is hit by T.J. Tynan and loses puck.
2:49 of 1st period - Icing by Dylan Gambrell.
2:50 of 1st period - Dylan Gambrell wins face-off versus Brendan Gaunce in Rampage zone.
2:56 of 1st period - Snap shot by Tony DeAngelo.
2:56 of 1st period - Shot Blocked by Seth Helgeson.
3:22 of 1st period - Wrist shot by Petr Straka.
3:22 of 1st period - Shot Blocked by Wiley Sherman.
3:24 of 1st period - Slapshot by Nikita Nesterov.
3:24 of 1st period - Shot Blocked by Seth Helgeson.
3:26 of 1st period - Snap shot by Jack Roslovic.
3:26 of 1st period - Stopped by Thatcher Demko without a rebound.
3:27 of 1st period - Nicolas Petan wins face-off versus Elias Lindholm in Comets zone.
4:16 of 1st period - Icing by Collin Miller.
4:17 of 1st period - T.J. Tynan wins face-off versus Brendan Perlini in Rampage zone.
4:28 of 1st period - Backhand shot by Mathieu Joseph.
4:28 of 1st period - Deflect By Jordan Greenway.
4:28 of 1st period - Shot Hit the Post.
4:28 of 1st period - Puck is out of play.
4:29 of 1st period - Elias Lindholm wins face-off versus Brendan Gaunce in Comets zone.
4:30 of 1st period - Wrist shot by Timo Meier.
4:30 of 1st period - Stopped by Thatcher Demko with a rebound.
4:32 of 1st period - Snap shot by Roope Hintz.
4:32 of 1st period - Deflect By Elias Lindholm.
4:32 of 1st period - Shot Misses the Net.
4:32 of 1st period - Puck is out of play.
4:33 of 1st period - Brendan Gaunce wins face-off versus Elias Lindholm in Comets zone.
5:41 of 1st period - Off-side.
5:42 of 1st period - Axel Holmstrom wins face-off versus Dylan Gambrell in neutral zone.
6:14 of 1st period - Snap shot by Elias Lindholm.
6:14 of 1st period - Shot Blocked by William Lagesson.
6:38 of 1st period - Juuso Riikola is hit by Mathieu Joseph and loses puck.
7:17 of 1st period - Snap shot by Roope Hintz.
7:17 of 1st period - Stopped by Thatcher Demko with a rebound.
7:19 of 1st period - Slapshot by Roland McKeown.
7:19 of 1st period - Stopped by Thatcher Demko with a rebound.
7:21 of 1st period - Slapshot by Roland McKeown.
7:21 of 1st period - Shot Misses the Net.
7:23 of 1st period - Slapshot by Roope Hintz.
7:23 of 1st period - Stopped by Thatcher Demko without a rebound.
7:24 of 1st period - Brendan Gaunce wins face-off versus Elias Lindholm in Comets zone.
7:33 of 1st period - Snap shot by Elias Lindholm.
7:33 of 1st period - Stopped by Thatcher Demko with a rebound.
7:37 of 1st period - Wrist shot by Timo Meier.
7:37 of 1st period - Shot Misses the Net.
7:39 of 1st period - Snap shot by Roope Hintz.
7:39 of 1st period - Stopped by Thatcher Demko without a rebound.
7:40 of 1st period - Andrej Nestrasil wins face-off versus Jack Roslovic in Comets zone.
8:39 of 1st period - Backhand shot by Dennis Everberg.
8:39 of 1st period - Stopped by Elvis Merzlikins with a rebound.
8:47 of 1st period - Wrist shot by Taylor Beck.
8:47 of 1st period - Shot Misses the Net.
8:49 of 1st period - Snap shot by Brendan Gaunce.
8:49 of 1st period - Shot Misses the Net.
8:51 of 1st period - Snap shot by Brendan Gaunce.
8:51 of 1st period - Shot Misses the Net.
8:53 of 1st period - Slapshot by Dennis Everberg.
8:53 of 1st period - Stopped by Elvis Merzlikins with a rebound.
8:55 of 1st period - Wrist shot by Brendan Gaunce.
8:55 of 1st period - Stopped by Elvis Merzlikins with a rebound.
9:12 of 1st period - Slapshot by Nikita Nesterov.
9:12 of 1st period - Deflect By Dylan Sikura.
9:12 of 1st period - Stopped by Thatcher Demko with a rebound.
9:30 of 1st period - Slapshot by Nikita Nesterov.
9:30 of 1st period - Stopped by Thatcher Demko with a rebound.
9:36 of 1st period - Adam Clendening is hit by Taylor Beck and loses puck.
9:43 of 1st period - Wrist shot by Dennis Everberg.
9:43 of 1st period - Shot Hit the Post.
9:45 of 1st period - Snap shot by Taylor Beck.
9:45 of 1st period - Stopped by Elvis Merzlikins without a rebound.
9:46 of 1st period - Brendan Perlini wins face-off versus Elias Lindholm in Rampage zone.
10:04 of 1st period - Minor Penalty to Juuso Riikola for Hooking.
10:05 of 1st period - Nicolas Petan wins face-off versus Jack Roslovic in Comets zone.
10:43 of 1st period - Kurtis Macdermid is hit by Petr Straka and loses puck.
11:11 of 1st period - Wrist shot by Roope Hintz.
11:11 of 1st period - Stopped by Thatcher Demko without a rebound.
11:12 of 1st period - Taylor Beck wins face-off versus Jack Roslovic in Comets zone.
11:21 of 1st period - Tony DeAngelo is hit by Dennis Everberg and loses puck.
12:04 of 1st period - Penalty to Juuso Riikola is over, Juuso Riikola is back on ice.
12:36 of 1st period - Slapshot by Nikita Nesterov.
12:36 of 1st period - Shot Misses the Net.
12:44 of 1st period - Snap shot by Dylan Sikura.
12:44 of 1st period - Stopped by Thatcher Demko with a rebound.
14:19 of 1st period - Kirill Kaprizov is hit by Dennis Everberg and loses puck.
15:05 of 1st period - Wrist shot by Timo Meier.
15:05 of 1st period - Goal by Timo Meier - Comets : 1 - Rampage : 1.
15:06 of 1st period - Brendan Gaunce wins face-off versus Elias Lindholm in neutral zone.
16:17 of 1st period - Axel Holmstrom is hit by Roope Hintz and loses puck.
16:40 of 1st period - Dylan Gambrell is hit by Justin Bailey and loses puck.
16:55 of 1st period - Snap shot by T.J. Tynan.
16:55 of 1st period - Stopped by Thatcher Demko without a rebound.
16:56 of 1st period - Mathieu Joseph wins face-off versus Nicolas Petan in Comets zone.
17:21 of 1st period - Icing by Timo Meier.
17:22 of 1st period - Elias Lindholm wins face-off versus Andrej Nestrasil in Rampage zone.
17:22 of 1st period - Elias Lindholm is hit by Andrej Nestrasil.
17:46 of 1st period - Timo Meier is hit by Kurtis Macdermid and loses puck.
17:57 of 1st period - Wrist shot by Timo Meier.
17:57 of 1st period - Shot Blocked by Juuso Riikola.
17:59 of 1st period - Slapshot by Collin Miller.
17:59 of 1st period - Stopped by Thatcher Demko with a rebound.
18:01 of 1st period - Snap shot by Timo Meier.
18:01 of 1st period - Stopped by Thatcher Demko with a rebound.
18:03 of 1st period - Slapshot by Collin Miller.
18:03 of 1st period - Stopped by Thatcher Demko without a rebound.
18:04 of 1st period - Brendan Gaunce wins face-off versus Jack Roslovic in Comets zone.
18:35 of 1st period - Snap shot by Mathieu Joseph.
18:35 of 1st period - Shot Misses the Net.
18:57 of 1st period - Taylor Beck is hit by Tony DeAngelo and loses puck.
19:52 of 1st period - Backhand shot by Jack Roslovic.
19:52 of 1st period - Stopped by Thatcher Demko without a rebound.
19:53 of 1st period - Jack Roslovic wins face-off versus Andrej Nestrasil in Comets zone.
19:56 of 1st period - Snap shot by Jack Roslovic.
19:56 of 1st period - Shot Blocked by Andrej Nestrasil.
19:58 of 1st period - Minor Penalty to Seth Helgeson for High sticking.
19:59 of 1st period - Jack Roslovic wins face-off versus Taylor Beck in Comets zone.
Goals for this period are 1 for Comets vs 1 for Rampage.
Shots for this period are 6 for Comets vs 20 for Rampage.
2nd period
0:01 of 2nd period - Jack Roslovic wins face-off versus Taylor Beck in neutral zone.
0:16 of 2nd period - Snap shot by Jack Roslovic.
0:16 of 2nd period - Stopped by Thatcher Demko with a rebound.
0:26 of 2nd period - William Lagesson is hit by Petr Straka and loses puck.
1:58 of 2nd period - Penalty to Seth Helgeson is over, Seth Helgeson is back on ice.
2:09 of 2nd period - T.J. Tynan is hit by Phil Di Giuseppe and loses puck.
2:37 of 2nd period - Adam Clendening is hit by Kurtis Macdermid and loses puck.
3:58 of 2nd period - T.J. Tynan is hit by Juho Lammikko and loses puck.
4:22 of 2nd period - Minor Penalty to Timo Meier for Tripping.
4:23 of 2nd period - Brendan Gaunce wins face-off versus Elias Lindholm in Rampage zone.
5:42 of 2nd period - Jack Roslovic is hit by Dennis Everberg and loses puck.
6:22 of 2nd period - Penalty to Timo Meier is over, Timo Meier is back on ice.
7:01 of 2nd period - Seth Helgeson is hit by Petr Straka.
7:23 of 2nd period - Slapshot by Denis Gurianov.
7:23 of 2nd period - Stopped by Elvis Merzlikins without a rebound.
7:24 of 2nd period - T.J. Tynan wins face-off versus Andrej Nestrasil in Rampage zone.
7:31 of 2nd period - Slapshot by Brendan Perlini.
7:31 of 2nd period - Shot Misses the Net.
7:39 of 2nd period - Kurtis Macdermid is hit by Jordan Greenway and loses puck.
7:50 of 2nd period - Timo Meier is hit by Juuso Riikola and loses puck.
7:57 of 2nd period - Tony DeAngelo is hit by Taylor Beck and loses puck.
8:21 of 2nd period - Slapshot by Wiley Sherman.
8:21 of 2nd period - Shot Blocked by Kirill Kaprizov.
8:27 of 2nd period - Nicolas Petan is hit by Jack Roslovic and loses puck.
9:30 of 2nd period - Snap shot by Dennis Everberg.
9:30 of 2nd period - Deflect By Taylor Beck.
9:30 of 2nd period - Shot Misses the Net.
9:30 of 2nd period - Puck is out of play.
9:31 of 2nd period - Brendan Gaunce wins face-off versus Dylan Gambrell in Rampage zone.
9:32 of 2nd period - Wrist shot by Dennis Everberg.
9:32 of 2nd period - Stopped by Elvis Merzlikins without a rebound.
9:33 of 2nd period - Brendan Gaunce wins face-off versus Dylan Gambrell in Rampage zone.
9:34 of 2nd period - Wrist shot by Dennis Everberg.
9:34 of 2nd period - Stopped by Elvis Merzlikins with a rebound.
9:36 of 2nd period - Snap shot by Taylor Beck.
9:36 of 2nd period - Stopped by Elvis Merzlikins without a rebound.
9:37 of 2nd period - Elias Lindholm wins face-off versus Brendan Gaunce in Rampage zone.
9:46 of 2nd period - Backhand shot by Roope Hintz.
9:46 of 2nd period - Shot Misses the Net.
9:48 of 2nd period - Minor Penalty to Seth Helgeson for Slashing.
9:49 of 2nd period - Taylor Beck wins face-off versus Jack Roslovic in Comets zone.
10:00 of 2nd period - Tony DeAngelo is hit by Dennis Everberg and loses puck.
10:24 of 2nd period - Slapshot by Tony DeAngelo.
10:24 of 2nd period - Shot Blocked by Kurtis Macdermid.
11:19 of 2nd period - Wiley Sherman is hit by Elias Lindholm and loses puck.
11:48 of 2nd period - Penalty to Seth Helgeson is over, Seth Helgeson is back on ice.
11:50 of 2nd period - Mathieu Joseph is hit by Seth Helgeson.
13:11 of 2nd period - Icing by Axel Holmstrom.
13:12 of 2nd period - T.J. Tynan wins face-off versus Axel Holmstrom in Comets zone.
13:15 of 2nd period - Snap shot by Jordan Greenway.
13:15 of 2nd period - Goal by Jordan Greenway - Comets : 1 - Rampage : 2.
13:16 of 2nd period - Elias Lindholm wins face-off versus Dennis Everberg in neutral zone.
13:37 of 2nd period - Minor Penalty to Roope Hintz for Hooking.
13:38 of 2nd period - Elias Lindholm wins face-off versus Brendan Gaunce in Rampage zone.
14:43 of 2nd period - T.J. Tynan is hit by Juuso Riikola and loses puck.
15:37 of 2nd period - Penalty to Roope Hintz is over, Roope Hintz is back on ice.
15:52 of 2nd period - Minor Penalty to Oliver Kylington for Interference.
15:53 of 2nd period - Taylor Beck wins face-off versus Jack Roslovic in Comets zone.
16:28 of 2nd period - Brendan Gaunce is hit by Collin Miller and loses puck.
17:03 of 2nd period - Tony DeAngelo is hit by Taylor Beck and loses puck.
17:46 of 2nd period - Seth Helgeson is hit by Mathieu Joseph and loses puck.
17:52 of 2nd period - Penalty to Oliver Kylington is over, Oliver Kylington is back on ice.
18:48 of 2nd period - Mathieu Joseph is hit by Kurtis Macdermid and loses puck.
19:24 of 2nd period - Dylan Gambrell is hit by Seth Helgeson and loses puck.
19:46 of 2nd period - Petr Straka is hit by Jordan Gross.
Goals for this period are 0 for Comets vs 1 for Rampage.
Shots for this period are 4 for Comets vs 2 for Rampage.
3rd period
0:01 of 3rd period - Elias Lindholm wins face-off versus Brendan Gaunce in neutral zone.
0:04 of 3rd period - Dennis Everberg is hit by Roope Hintz and loses puck.
0:22 of 3rd period - Icing by Elias Lindholm.
0:23 of 3rd period - Andrej Nestrasil wins face-off versus Timo Meier in Rampage zone.
0:57 of 3rd period - Slapshot by Tony DeAngelo.
0:57 of 3rd period - Stopped by Thatcher Demko without a rebound.
0:58 of 3rd period - Jack Roslovic wins face-off versus Brendan Gaunce in Comets zone.
1:31 of 3rd period - Slapshot by Brendan Perlini.
1:31 of 3rd period - Shot Misses the Net.
1:43 of 3rd period - Phil Di Giuseppe is hit by Roope Hintz.
1:54 of 3rd period - Icing by Tony DeAngelo.
1:55 of 3rd period - Elias Lindholm wins face-off versus Brendan Gaunce in Rampage zone.
2:46 of 3rd period - Axel Holmstrom is hit by Roope Hintz and loses puck.
3:21 of 3rd period - Backhand shot by Timo Meier.
3:21 of 3rd period - Shot Misses the Net.
3:33 of 3rd period - Slapshot by Juuso Riikola.
3:33 of 3rd period - Stopped by Elvis Merzlikins with a rebound.
3:41 of 3rd period - Nicolas Petan is hit by Roope Hintz and loses puck.
3:48 of 3rd period - Snap shot by Roope Hintz.
3:48 of 3rd period - Stopped by Thatcher Demko with a rebound.
4:05 of 3rd period - Wrist shot by Phil Di Giuseppe.
4:05 of 3rd period - Stopped by Elvis Merzlikins without a rebound.
4:06 of 3rd period - Jack Roslovic wins face-off versus Brendan Gaunce in Rampage zone.
4:13 of 3rd period - Wrist shot by Brendan Gaunce.
4:13 of 3rd period - Shot Blocked by Jack Roslovic.
4:33 of 3rd period - Snap shot by Andrej Nestrasil.
4:33 of 3rd period - Shot Misses the Net.
4:35 of 3rd period - Slapshot by William Lagesson.
4:35 of 3rd period - Shot Blocked by Roland McKeown.
4:37 of 3rd period - Slapshot by William Lagesson.
4:37 of 3rd period - Shot Blocked by Tony DeAngelo.
6:02 of 3rd period - Artturi Lehkonen is hit by Nicolas Petan and loses puck.
6:23 of 3rd period - Snap shot by Brendan Gaunce.
6:23 of 3rd period - Stopped by Elvis Merzlikins without a rebound.
6:24 of 3rd period - Kirill Kaprizov wins face-off versus Brendan Gaunce in Rampage zone.
6:45 of 3rd period - Mathieu Joseph is hit by Brendan Perlini and loses puck.
7:22 of 3rd period - Slapshot by Jack Roslovic.
7:22 of 3rd period - Shot Blocked by Dennis Everberg.
7:24 of 3rd period - Wrist shot by Petr Straka.
7:24 of 3rd period - Stopped by Thatcher Demko with a rebound.
7:26 of 3rd period - Snap shot by Kirill Kaprizov.
7:26 of 3rd period - Shot Misses the Net.
8:29 of 3rd period - Wrist shot by Brendan Perlini.
8:29 of 3rd period - Stopped by Elvis Merzlikins with a rebound.
8:55 of 3rd period - Snap shot by Dylan Gambrell.
8:55 of 3rd period - Shot Misses the Net.
9:33 of 3rd period - Wrist shot by Brendan Perlini.
9:33 of 3rd period - Stopped by Elvis Merzlikins with a rebound.
9:35 of 3rd period - Snap shot by Brendan Perlini.
9:35 of 3rd period - Shot Misses the Net.
10:23 of 3rd period - Snap shot by Nicolas Petan.
10:23 of 3rd period - Shot Misses the Net.
10:37 of 3rd period - Slapshot by Dennis Everberg.
10:37 of 3rd period - Shot Misses the Net.
11:02 of 3rd period - Roope Hintz is hit by Dennis Everberg.
11:59 of 3rd period - Wrist shot by Brendan Gaunce.
11:59 of 3rd period - Shot Misses the Net.
12:01 of 3rd period - Snap shot by Taylor Beck.
12:01 of 3rd period - Shot Blocked by Roland McKeown.
12:15 of 3rd period - Slapshot by Tony DeAngelo.
12:15 of 3rd period - Shot Misses the Net.
12:17 of 3rd period - Snap shot by Roope Hintz.
12:17 of 3rd period - Stopped by Thatcher Demko with a rebound.
12:19 of 3rd period - Slapshot by Roope Hintz.
12:19 of 3rd period - Stopped by Thatcher Demko without a rebound.
12:20 of 3rd period - Elias Lindholm wins face-off versus Nicolas Petan in Comets zone.
12:24 of 3rd period - Minor Penalty to William Lagesson for Hooking.
12:25 of 3rd period - Jack Roslovic wins face-off versus Taylor Beck in Comets zone.
12:39 of 3rd period - Snap shot by Timo Meier.
12:39 of 3rd period - Shot Misses the Net.
12:51 of 3rd period - Elias Lindholm is hit by Justin Bailey.
12:52 of 3rd period - Icing by Elias Lindholm.
12:53 of 3rd period - Brendan Gaunce wins face-off versus Elias Lindholm in Rampage zone.
12:54 of 3rd period - Wrist shot by Justin Bailey.
12:54 of 3rd period - Shot Misses the Net.
12:56 of 3rd period - Wrist shot by Justin Bailey.
12:56 of 3rd period - Shot Hit the Post.
13:04 of 3rd period - Slapshot by Ethan Bear.
13:04 of 3rd period - Shot Blocked by Justin Bailey.
13:31 of 3rd period - Snap shot by Tony DeAngelo.
13:31 of 3rd period - Stopped by Thatcher Demko with a rebound.
13:33 of 3rd period - Snap shot by Petr Straka.
13:33 of 3rd period - Goal by Petr Straka - Comets : 1 - Rampage : 3.
13:34 of 3rd period - Brendan Gaunce wins face-off versus T.J. Tynan in neutral zone.
14:03 of 3rd period - Snap shot by Timo Meier.
14:03 of 3rd period - Stopped by Thatcher Demko with a rebound.
14:05 of 3rd period - Snap shot by Timo Meier.
14:05 of 3rd period - Stopped by Thatcher Demko with a rebound.
14:07 of 3rd period - Wrist shot by Elias Lindholm.
14:07 of 3rd period - Shot Misses the Net.
14:09 of 3rd period - Slapshot by Timo Meier.
14:09 of 3rd period - Stopped by Thatcher Demko without a rebound.
14:10 of 3rd period - Andrej Nestrasil wins face-off versus Jack Roslovic in Comets zone.
14:25 of 3rd period - Slapshot by Petr Straka.
14:25 of 3rd period - Shot Blocked by Brendan Perlini.
14:46 of 3rd period - Juuso Riikola is hit by Elias Lindholm and loses puck.
14:59 of 3rd period - Wrist shot by Denis Gurianov.
14:59 of 3rd period - Stopped by Elvis Merzlikins with a rebound.
15:05 of 3rd period - Axel Holmstrom is hit by Mathieu Joseph.
15:09 of 3rd period - Taylor Beck is hit by Collin Miller and loses puck.
15:42 of 3rd period - Snap shot by Dylan Gambrell.
15:42 of 3rd period - Shot Misses the Net.
15:44 of 3rd period - Wrist shot by Artturi Lehkonen.
15:44 of 3rd period - Shot Misses the Net.
16:24 of 3rd period - Slapshot by Jack Roslovic.
16:24 of 3rd period - Stopped by Thatcher Demko with a rebound.
16:40 of 3rd period - Wrist shot by Brendan Gaunce.
16:40 of 3rd period - Deflect By Taylor Beck.
16:40 of 3rd period - Shot Misses the Net.
16:40 of 3rd period - Puck is out of play.
16:41 of 3rd period - Brendan Gaunce wins face-off versus Jordan Greenway in Rampage zone.
17:08 of 3rd period - Andrej Nestrasil is hit by Timo Meier and loses puck.
18:11 of 3rd period - Brendan Gaunce is hit by Jack Roslovic and loses puck.
18:41 of 3rd period - Tony DeAngelo is hit by Brendan Gaunce and loses puck.
19:24 of 3rd period - Dylan Sikura is hit by Joshua Leivo and loses puck.
Goals for this period are 0 for Comets vs 1 for Rampage.
Shots for this period are 6 for Comets vs 11 for Rampage.
Output by the SimonT Hockey Simulator (STHS) for Francois Prevost